 Dungeon Crawl Stone Soup version 0.29.1-13-g9f3cf754e1 (webtiles) character file.

Game seed: 10475749792503939840

70 Mesmaeker13 the Insei (level 4, -8/29 HPs)
             Began as an Octopode Transmuter on Jan 20, 2023.
             Mangled by a hobgoblin
             ... wielding a +0 dagger
              (10 damage)
             ... on level 2 of the Dungeon.
             The game lasted 00:02:30 (1707 turns).

Mesmaeker13 the Insei (Octopode Transmuter)         Turns: 1707, Time: 00:02:31

Health: -8/29      AC:  1    Str:  9    XL:     4   Next: 22%
Magic:  7/7        EV: 13    Int: 17    God:
Gold:   72         SH:  0    Dex: 12    Spells: 1/7 levels left

rFire   . . .      SeeInvis .     - Unarmed
rCold   . . .      Faith    .   (no shield)
rNeg    . . .      Spirit   .   (helmet currently unavailable)
rPois   .          Reflect  .   (no amulet)
rElec   .          Harm     .   (no ring)
rCorr   .          Rampage  .   (no ring)
Will    .....                   (no ring)
Stlth   ++........              (no ring)
HPRegen 0.09/turn               (no ring)
MPRegen 0.10/turn               (no ring)
                                (no ring)
                                (no ring)

@: appendages
A: tentacle spike 3, almost no armour, amphibious, 8 rings, camouflage 1,
gelatinous body 1, (nimble swimmer 1), tentacles
a: End Transformation


You were on level 2 of the Dungeon.
One of your tentacles had grown a beastly spike.
You visited 1 branch of the dungeon, and saw 2 of its levels.

You collected 72 gold pieces.

Inventory:

Hand Weapons
 g - a +0 dagger of venom
Missiles
 j - 35 stones
Jewellery
 i - a ring of ice
Scrolls
 b - a scroll of immolation {unknown}
 d - a scroll of brand weapon {unknown}
 h - a scroll of fear {unknown}
 k - a scroll of vulnerability {unknown}
Potions
 a - a potion of lignification
 c - a potion of curing {unknown}
 e - 2 potions of might {unknown}
 f - a potion of heal wounds {unknown}


   Skills:
 + Level 2.2 Fighting
 - Level 2.0 Dodging
 + Level 3.6 Unarmed Combat
 - Level 2.0 Spellcasting
 + Level 2.9 Transmutations
 + Level 1.0 Poison Magic


You had one spell level left.
You knew the following spells:

 Your Spells              Type           Power      Damage    Failure   Level
a - Beastly Appendage     Tmut           22%        N/A       6%          1
b - Wereblood             Tmut           11%        N/A       9%          2
c - Spider Form           Tmut/Pois      8%         N/A       26%         3

Your spell library contained the following spells:

 Spells                   Type           Power      Damage    Failure   Level
 Blink                    Tloc           2%         N/A       28%         2
 Lesser Beckoning         Tloc           1%         N/A       50%         3
 Ice Form                 Ice/Tmut       6%         N/A       71%         4
 Manifold Assault         Tloc           1%         N/A       99%         5


Dungeon Overview and Level Annotations

Branches:
Dungeon (2/15)

Altars:

Annotations:
D:2 Robin


Innate Abilities, Weirdness & Mutations

One of your tentacles has grown a beastly spike.
You cannot wear most types of armour.
You are amphibious.
You can wear up to eight rings at the same time.
Your skin changes colour to match your surroundings (Stealth+).
Your rubbery body absorbs attacks. (AC +1, EV +1)
((You are camouflaged when in or above water. (Stealth+)))
You have tentacles for arms and can constrict up to eight enemies at once.


Message History

You start resting.
HP restored.
You open the door.
There is an open door here.
Found a stone staircase leading down.
A ball python comes into view.
Casting: Beastly Appendage (safe; 6% risk of failure)
Confirm with . or Enter, or press ? or * to list all spells.
One of your tentacles grows a vicious spike.
The ball python barely misses you. x2
A hobgoblin comes into view. It is wielding a +0 dagger.
The hobgoblin shouts!
You tentacle-slap the ball python.
You kill the ball python!
You hear a shout!
The hobgoblin drinks a potion.
The hobgoblin seems to speed up.
A hobgoblin comes into view.
The hobgoblin shouts!
The hobgoblin moves out of view. 3 goblins come into view.
A hobgoblin comes into view.
Robin, a goblin and a worm come into view.
The hobgoblin hits you with a +0 dagger.
A goblin comes into view. It is wielding a +0 hand axe.
Robin throws the goblin at you! The hobgoblin attacks as you move away!
The hobgoblin hits you with a +0 dagger.
The goblin shouts!
The hobgoblin hits you with a +0 dagger.
The goblin hits you with a +0 hand axe.
Robin roars a battlecry!
The goblins go into a battle-frenzy!
You see here a ball python corpse.
The hobgoblin attacks as you move away! The hobgoblin closely misses you.
The hobgoblin hits you with a +0 dagger!
* * * LOW HITPOINT WARNING * * *
The goblin attacks as you move away! The goblin completely misses you.
The hobgoblin attacks as you move away! The hobgoblin closely misses you.
The goblin attacks as you move away! The goblin misses you.
The hobgoblin hits you with a +0 dagger!
You die...

#...###......# # #...#
##'####..... .. #...#
#..# #...... ##. #####
##.# #...... #.. .#
#.###...... .. .#
#..........#.# ..#
##..##.####..# ..#
#....#.####.# ...#
#######.##....@g.g###...#
#.......####..#.g†......#
#.#####.....>.#...g.....#
#...........#.....gg..#
#.#.#.......#######...#
#.....##### ......
....#..# ..g.. #####..#
#.g.. ...# ..w.


You could see 2 hobgoblins and 4 goblins.

Vanquished Creatures
  3 adders (D:2)
  9 ball pythons
  3 endoplasms (D:1)
  8 goblins
  6 hobgoblins
  A jackal (D:1)
  4 bats
  5 frilled lizards (D:1)
  3 kobolds
  2 rats (D:1)
44 creatures vanquished.

Notes
Turn   | Place    | Note
-------+----------+-------------------------------------------
     0 | D:1      | Mesmaeker13 the Octopode Transmuter began the quest for the
                  | Orb.
     0 | D:1      | Reached XP level 1. HP: 13/13 MP: 3/3
    73 | D:1      | Reached XP level 2. HP: 18/18 MP: 3/5
   391 | D:1      | Learned a level 2 spell: Wereblood
   801 | D:1      | Reached XP level 3. HP: 23/24 MP: 6/6
   866 | D:1      | Found a faded altar of an unknown god.
  1203 | D:1      | Learned a level 3 spell: Spider Form
  1300 | D:2      | Reached skill level 1 in Poison Magic
  1300 | D:2      | Reached XP level 4. HP: 29/29 MP: 3/7
  1702 | D:2      | Noticed Robin
  1707 | D:2      | Mangled by a hobgoblin

Illustrated notes

Levels and vault maps discovered:
D:1:      onia_arrival_pentagram, layout_loops_ring, basic_ecumenical_altar,
          minmay_tiny_reverse_x
D:2:      layout_basic, uniq_robin

Skill      XL: |  1  2  3 |
---------------+----------+-----
Fighting       | 2 |  2.2
Poison Magic   | 1 |  1.0
Dodging        | |  2.0
Unarmed Combat | |  3.6
Spellcasting   | |  2.0
Transmutations | |  2.9

Action                   |  1- 3 |  4- 6 || total
-------------------------+-------+-------++-------
Melee: Unarmed           |    65 |    23 ||    88
       Kick              |    13 |     4 ||    17
       Tentacles         |    13 |     1 ||    14
       Constrict         |    15 |     7 ||    22
       Punch             |     3 |       ||     3
 Cast: Beastly Appendage |    21 |     4 ||    25
       Wereblood         |     3 |     1 ||     4
  Use: Potion            |     1 |       ||     1
 Stab: Sleeping          |     1 |       ||     1
Armor: Skin              |     5 |     6 ||    11
Dodge: Dodged            |    44 |    28 ||    72
